 Dungeon Crawl Stone Soup version 0.27.1-1-g398f81649c (webtiles) character file.

Game seed: 2987541330654817891

30239 karkarkar the Severer (level 13, -1/70 HPs)
             Began as a Gargoyle Fighter on Sept 11, 2021.
             Was an Elder of Makhleb.
             Slain by a death yak simulacrum (16 damage)
             ... on level 2 of the Lair of Beasts on Sept 14, 2021.
             The game lasted 01:16:07 (23599 turns).

karkarkar the Severer (Gargoyle Fighter)           Turns: 23599, Time: 01:16:08

Health: -1/70      AC: 31    Str: 24    XL:     13   Next: 50%
Magic:  6/6        EV:  5    Int:  9    God:    Makhleb [****..]
Gold:   1926       SH: 16    Dex: 14    Spells: 12/12 levels left

rFire    + . .     SeeInvis +   a - +1 war axe (antimagic)
rCold    . . .     Faith    .   c - +0 kite shield
rNeg     + . .     Spirit   .   p - +0 plate armour
rPois    ∞         Reflect  +   J - +1 hat {SInv}
rElec    +         Harm     .   Y - +1 cloak
rCorr    +         Rampage  .   N - +1 pair of gloves
Will     .....                  P - +0 pair of boots
Stlth    ..........             w - amulet of reflection
HPRegen  0.21/turn              m - ring of protection from fire
MPRegen  0.10/turn              H - ring "Nesel" {rCorr Dex+4}

@: no status effects
A: sickness immunity, AC +9, negative energy resistance 1, electricity
resistance, torment resistance 1, petrification resistance
a: Renounce Religion, Minor Destruction, Lesser Servant of Makhleb, Major
Destruction


You were on level 2 of the Lair of Beasts.
You worshipped Makhleb.
Makhleb was greatly pleased with you.
You visited 4 branches of the dungeon, and saw 18 of its levels.
You also visited: Sewer and Ossuary.

You collected 2376 gold pieces.
You spent 450 gold pieces at shops.

Inventory:

Hand Weapons
 a - a +1 antimagic war axe (weapon)
 b - a +2 scimitar of flaming
 k - a +0 broad axe
 L - the +5 dagger of Uczes {vorpal, Stlth+}
   (You found it on level 8 of the Dungeon)

   It inflicts extra damage upon your enemies.
   Stlth:     It makes you more stealthy.
Missiles
 f - 2 curare-tipped darts
 l - 39 poisoned darts
 A - 29 boomerangs
 V - 2 throwing nets
 W - 6 javelins
Armour
 c - a +0 kite shield (worn)
 p - a +0 plate armour (worn)
 J - a +1 hat of see invisible (worn)
 N - a +1 pair of gloves (worn)
 P - a +0 pair of boots (worn)
 Y - a +1 cloak (worn)
Jewellery
 j - a +4 ring of protection
 m - a ring of protection from fire (left hand)
 w - an amulet of reflection (around neck)
 H - the ring "Nesel" (right hand) {rCorr Dex+4}
   (You bought it in a shop on level 2 of the Orcish Mines)

   [ring of resist corrosion]

   Dex:       It affects your dexterity (+4).
   rCorr:     It protects you from acid and corrosion.
 Q - a ring of positive energy
 R - the ring "Geillu Kify" {rPois rF- rN+ rCorr Int+6}
   (You bought it in a shop on level 2 of the Orcish Mines)

   [ring of intelligence]

   Int:       It affects your intelligence (+6).
   rF:        It makes you vulnerable to fire.
   rPois:     It protects you from poison.
   rN:        It protects you from negative energy.
   rCorr:     It protects you from acid and corrosion.
Wands
 e - a wand of mindburst (15)
 F - a wand of charming (18)
 I - a wand of paralysis (5)
 O - a wand of flame (26)
 X - a wand of acid (10)
Scrolls
 h - 6 scrolls of teleportation
 i - 2 scrolls of noise
 q - a scroll of enchant armour {unknown}
 s - 2 scrolls of immolation
 y - 3 scrolls of fog
 D - 5 scrolls of fear
 E - 2 scrolls of acquirement
 G - 2 scrolls of amnesia
 K - 2 scrolls of enchant weapon
 M - 3 scrolls of magic mapping
 S - a scroll of brand weapon {unknown}
Potions
 d - a potion of might
 g - 3 potions of curing
 n - 3 potions of mutation
 o - 6 potions of magic
 r - a potion of lignification {unknown}
 t - 2 potions of haste
 u - 3 potions of attraction
 v - 2 potions of flight
 x - 2 potions of invisibility
 z - a potion of brilliance {unknown}
 B - a potion of resistance
 C - 2 potions of cancellation {unknown}
 T - a potion of heal wounds
 U - 2 potions of ambrosia


   Skills:
 - Level 4.0 Fighting
 - Level 16.0 Axes
 - Level 4.3 Throwing
 + Level 10.5 Armour
 - Level 0.6 Dodging
 - Level 2.3 Stealth
 + Level 5.8 Shields
 - Level 7.3 Invocations
 - Level 0.3 Evocations


You had 12 spell levels left.
You didn't know any spells.
Your spell library contained the following spells:

 Spells                   Type           Power      Damage    Failure   Level
 Animate Skeleton         Necr           0%         N/A       100%        1
 Corona                   Hex            0%         N/A       100%        1
 Freeze                   Ice            0%         1d3       100%        1
 Pain                     Necr           0%         1d4       100%        1
 Blink                    Tloc           N/A        N/A       100%        2
 Corpse Rot               Necr/Air       N/A        N/A       100%        2
 Ensorcelled Hibernation  Hex/Ice        0%         N/A       100%        2
 Poisonous Vapours        Pois/Air       0%         N/A       100%        2
 Static Discharge         Conj/Air       0%         N/A       100%        2
 Dazzling Flash           Conj/Hex       0%         N/A       100%        3
 Frozen Ramparts          Ice            0%         1d2       100%        3
 Gell's Gravitas          Tloc           0%         N/A       100%        3
 Teleport Other           Tloc           0%         N/A       100%        3
 Tukima's Dance           Hex            0%         N/A       100%        3
 Vampiric Draining        Necr           0%         2d6       100%        3
 Dispel Undead            Necr           0%         3d6       100%        4
 Fulminant Prism          Conj/Hex       0%         3d6       100%        4
 Hailstorm                Conj/Ice       0%         3d3       100%        4
 Iskenderun's Mystic Bla  Conj/Tloc      0%         2d3       100%        4
 Passage of Golubria      Tloc           N/A        N/A       100%        4
 Petrify                  Tmut/Erth      0%         N/A       100%        4
 Sticky Flame             Conj/Fire      0%         2d3       100%        4
 Agony                    Necr           0%         N/A       100%        5
 Freezing Cloud           Conj/Ice/Air   0%         6-21      100%        5
 Irradiate                Conj/Tmut      0%         3d13      100%        5
 Lee's Rapid Deconstruct  Erth           0%         3d5*      100%        5
 Manifold Assault         Tloc           0%         N/A       100%        5
 Silence                  Hex/Air        0%         N/A       100%        5
 Dispersal                Tloc           0%         N/A       100%        6
 Storm Form               Tmut/Air       0%         N/A       100%        7
 Lehudib's Crystal Spear  Conj/Erth      0%         10d2      100%        8
 Sublimation of Blood     Necr           Unusable   N/A       N/A         2

Dungeon Overview and Level Annotations

Branches:
Dungeon (12/15)            Temple (1/1) D:4            Lair (3/6) D:10
  Swamp (0/4) Lair:2          Orc (2/2) D:12            Elf (0/3) Orc:2
  Sewer (visited)         Ossuary (visited)
  Snake: Lair:2-4    Spider: Lair:2-4

Altars:
Ashenzari
Cheibriados
Dithmenos
Elyvilon
Fedhas
Gozag
Hepliaklqana
Kikubaaqudgha
Makhleb
Nemelex Xobeh
Okawaru
Qazlal
Ru
Sif Muna
Trog
Uskayaw
Vehumet
Wu Jian
Xom
Yredelemnul
Zin
The Shining One

Shops:
Orc:2 (*:*

Portals:
Ice
Cave: Lair:2

Annotations:
Lair:1 exclusion: oklob plant
Orc:1 1 runed translucent door, deafmute's ghost, journeyman HOFi


Innate Abilities, Weirdness & Mutations

You are immune to sickness and miasma.
Your stone body is resilient. (AC +9)
You are immune to poison.
You resist negative energy. (rN+)
You are resistant to electric shocks. (rElec)
You are resistant to unholy torment.
You are immune to petrification.


Message History

Makhleb accepts your kill.
You now have 1926 gold pieces (gained 12).
Z - a scroll of identify
As you read the scroll of identify, it crumbles to dust.
G - 2 scrolls of amnesia
Found a stone staircase leading up.
There is a stone staircase leading up here.
You climb upwards.
You feel a wave of frost pass over you.
There is an entrance to an ice cave on this level.
Hurry and find it before the portal melts!
You hear the loud crackling of a melting archway very nearby.
There is a stone staircase leading down here.
A death yak simulacrum comes into view.
Found a frozen archway.
A death yak simulacrum comes into view.
A polar bear simulacrum comes into view.
You see here 14 gold pieces.
You block the death yak simulacrum's attack.
You slash the death yak simulacrum!
The death yak simulacrum is lightly damaged.
You block the death yak simulacrum's attack.
You hit the death yak simulacrum but do no damage.
The death yak simulacrum is lightly damaged.
You hit the death yak simulacrum.
The death yak simulacrum gores you but does no damage.
You slash the death yak simulacrum!
The death yak simulacrum is moderately damaged.
You slash the death yak simulacrum!
You block the death yak simulacrum's attack.
You slash the death yak simulacrum!
The death yak simulacrum is severely damaged.
You hit the death yak simulacrum but do no damage.
You block the death yak simulacrum's attack.
The death yak simulacrum gores you. The death yak simulacrum freezes you!!!
Ouch! That really hurt!
Okay, then.
A demon appears!
The death yak simulacrum gores you!
* * * LOW HITPOINT WARNING * * *
The death yak simulacrum freezes you!
You die...

,*,,,,,*,*,,,,* **,,,***,,,,**,
****,,,,,,,,,,* *,.#.,,,,,,,,,, *
*,,...#.****####.....,,,,,*,,,
##.....#..###.#....#..,*,,**,,,
**#..,.....##..........#***,,,,,,
,**............#.#.....# *,,,,*,
,*,,...#....P...#......# *,,,,,,
,,.,,#.#........3#..∩..# *,,,,,,
,,...,..#......Z@Z.....#* *,,,,,*
,,###..#.#.#....$Z......***,,,***
,,.......>.....##.....##.,,^,**
,,.......#.....##....#...,,,**
**.##....##.............,,,<*
**.###...............##.,,,,*
*#.Y................##*******
,#.#P.............#.#
8#................#.#


You could see 2 death yak simulacra, a polar bear simulacrum and a friendly
smoke demon (summoned).

Vanquished Creatures
  Gastronok (Lair:1)
  A boulder beetle (D:11)
  Harold (Lair:1)
  Erica (Lair:1)
  3 two-headed ogres
  Nergalle (Lair:1)
  Pikel (D:4)
  A deep elf pyromancer (D:11)
  2 orc sorcerers (Orc:1)
  An orc knight (Orc:2)
  An elephant (Lair:2)
  3 gargoyles
  A rime drake (Lair:2)
  A komodo dragon (Lair:2)
  5 trolls
  A hornet (D:9)
  8 slime creatures (D:12)
  Sigmund (D:4)
  A shadow (D:12)
  A wyvern (D:8)
  3 wraiths
  2 vampires
  4 basilisks (Lair:1)
  15 yaks
  8 vampire mosquitoes
  3 steam dragons
  Menkaure (D:4)
  Edmund (D:4)
  An acid dragon (D:9)
  A warg (Orc:1)
  5 water moccasins
  4 black bears
  27 orc warriors
  A sky beast (D:6)
  A necrophage (D:7)
  5 wolves (Lair:2)
  2 ogres
  A lemure (D:4)
  9 centaurs
  4 kobold brigands
  A gnoll sergeant (D:7)
  7 bullfrogs
  2 scorpions
  13 killer bees
  A wight (D:9)
  2 electric eels
  2 howler monkeys
  A bullfrog zombie (D:7)
  7 centaur zombies
  3 hounds
  9 orc priests
  2 centaur skeletons (D:6)
  Jessica (D:2)
  An iguana (D:5)
  12 orc wizards
  Natasha (thrice) (D:2)
  5 killer bee zombies (D:7)
  8 mummies (Ossuary)
  2 howler monkey zombies
  A howler monkey skeleton (D:6)
  8 adders
  7 gnolls
  A river rat (D:6)
  3 white imps
  An ufetubus (D:7)
  An adder skeleton (D:4)
  2 worms (D:2)
  A dart slug (D:1)
  46 orcs
  8 bats
  3 endoplasms
  3 giant cockroaches
  4 goblins
  5 hobgoblins
  3 jackals (D:1)
  20 kobolds
  4 quokkas
  15 ball pythons
  2 frilled lizards
  3 gnoll zombies (Ossuary)
  3 kobold zombies (Ossuary)
  2 orc zombies (Ossuary)
  7 rats
369 creatures vanquished.

Vanquished Creatures (collateral kills)
  A boulder beetle (D:12)
  3 death yaks (D:10)
  Sonja (D:12)
  An orc knight (Orc:2)
  A deep elf pyromancer (D:12)
  An ugly thing (D:11)
  An elephant (Lair:2)
  A troll (D:12)
  4 yaks
  A warg (Orc:2)
  5 orc warriors
  A black bear (shapeshifter) (D:12)
  An ogre (Orc:2)
  2 centaurs
  2 bullfrogs (Lair:1)
  An elephant simulacrum (Lair:2)
  3 orc priests
  A hell rat (D:10)
  4 orc wizards
  A polar bear simulacrum (Lair:2)
  A howler monkey zombie (D:10)
  2 river rats (D:10)
  7 orcs
  A quokka (D:10)
  2 rats (D:10)
49 creatures vanquished.

Vanquished Creatures (others)
  An orc warrior (D:12)
  An orc wizard (Orc:2)
  4 fungi
  47 plants
  2 withered plants (Orc:1)
55 creatures vanquished.

Grand Total: 473 creatures vanquished

Notes
Turn   | Place    | Note
-------+----------+-------------------------------------------
     0 | D:1      | karkarkar the Gargoyle Fighter began the quest for the Orb.
     0 | D:1      | Reached XP level 1. HP: 14/14 MP: 1/1
   175 | D:1      | Reached skill level 2 in Axes
   381 | D:1      | Reached XP level 2. HP: 18/19 MP: 2/2
   927 | D:1      | Reached skill level 3 in Axes
   963 | D:1      | Found a faded altar of an unknown god.
   990 | D:1      | Reached XP level 3. HP: 23/23 MP: 3/3
  1545 | D:2      | Noticed Natasha
  1551 | D:2      | Killed Natasha
  1552 | D:2      | Reached XP level 4. HP: 21/28 MP: 4/4
  1620 | D:2      | Noticed Natasha
  1636 | D:2      | Killed Natasha
  1637 | D:2      | Reached skill level 4 in Axes
  1836 | D:2      | Noticed Natasha
  1848 | D:2      | Killed Natasha
  1849 | D:2      | Reached XP level 5. HP: 20/32 MP: 5/5
  1976 | D:2      | Noticed Jessica
  1987 | D:2      | Killed Jessica
  2998 | D:3      | Found an ancient bone altar of Kikubaaqudgha.
  3000 | D:3      | Found a shimmering blue altar of Sif Muna.
  3005 | D:3      | Found a radiant altar of Vehumet.
  3010 | D:3      | Got Sif Muna's Disquisition on Enchantment
  3059 | D:3      | Reached skill level 5 in Axes
  3189 | D:3      | Noticed an ogre
  3225 | D:3      | Killed an ogre
  3226 | D:3      | Reached XP level 6. HP: 14/37 MP: 6/6
  3893 | D:4      | Found a staircase to the Ecumenical Temple.
  3908 | Temple   | Entered the Ecumenical Temple
  4056 | Temple   | Became a worshipper of Makhleb the Destroyer
  4126 | D:4      | Identified the +5 ring mail "Joghorch" {Dex+4}
  4139 | D:4      | Found a sand-covered staircase.
  4160 | Ossuary  | Entered an ossuary
  4710 | Ossuary  | Reached skill level 6 in Axes
  5323 | D:4      | Noticed Edmund
  5337 | D:4      | Noticed Pikel
  5346 | D:5      | Entered Level 5 of the Dungeon
  5623 | D:5      | Reached skill level 1 in Throwing
  5672 | D:4      | Reached XP level 7. HP: 20/41 MP: 7/7
  5968 | D:4      | Noticed Sigmund
  5985 | D:4      | Killed Sigmund
  5986 | D:4      | Reached skill level 7 in Axes
  6079 | D:4      | Found a bloodstained altar of Trog.
  6088 | D:4      | Reached * piety under Makhleb
  6367 | D:4      | Reached skill level 1 in Stealth
  6373 | D:4      | Reached XP level 8. HP: 39/46 MP: 8/8
  6487 | D:4      | Killed Pikel
  6488 | D:4      | Reached skill level 8 in Axes
  6513 | D:4      | Killed Edmund
  6514 | D:4      | Reached skill level 9 in Axes
  6775 | D:4      | Noticed Menkaure
  6871 | D:4      | Killed Menkaure
  7505 | D:5      | Reached XP level 9. HP: 24/51 MP: 9/9
  7813 | D:5      | Noticed a troll
  8303 | D:6      | Found a white marble altar of Elyvilon.
  8460 | D:6      | Found a glowing drain.
  8474 | Sewer    | Entered a sewer
  8598 | Sewer    | Reached skill level 10 in Axes
  8705 | Sewer    | Reached ** piety under Makhleb
  8915 | D:6      | Found an iron altar of Okawaru.
  9961 | D:7      | Reached skill level 11 in Axes
 10150 | D:7      | Found a glowing golden altar of the Shining One.
 10725 | D:7      | Found a basalt altar of Yredelemnul.
 10753 | D:7      | Reached XP level 10. HP: 55/56 MP: 10/10
 11179 | D:8      | Identified the +5 dagger of Uczes {vorpal, Stlth+}
 11277 | D:8      | Reached skill level 12 in Axes
 11498 | D:8      | Found an opulent altar of Gozag.
 12070 | D:8      | Noticed a two-headed ogre
 12086 | D:8      | Killed a two-headed ogre
 12086 | D:8      | Reached *** piety under Makhleb
 12694 | D:9      | Noticed a two-headed ogre
 12718 | D:9      | Killed a two-headed ogre
 12719 | D:9      | Reached skill level 13 in Axes
 12819 | D:9      | Noticed a two-headed ogre
 12863 | D:9      | Killed a two-headed ogre
 12864 | D:9      | Reached skill level 1 in Invocations
 12952 | D:9      | Reached XP level 11. HP: 39/61 MP: 4/12
 13398 | D:9      | Found a sacrificial altar of Ru.
 13670 | D:9      | Found a hazy altar of Hepliaklqana.
 13802 | D:9      | Found a glowing silver altar of Zin.
 14103 | D:10     | Entered Level 10 of the Dungeon
 14123 | D:9      | Reached skill level 5 in Armour
 14732 | D:10     | Noticed a death yak
 14737 | D:10     | Noticed a death yak
 14742 | D:10     | Noticed a death yak
 14746 | D:10     | Killed a death yak
 14749 | D:10     | Killed a death yak
 14752 | D:10     | Killed a death yak
 14927 | D:10     | Found a staircase to the Lair.
 15051 | D:10     | Found a stormy altar of Qazlal.
 15116 | D:11     | Noticed a boulder beetle
 15568 | D:11     | Noticed a deep elf pyromancer
 15583 | D:11     | Killed a deep elf pyromancer
 15584 | D:11     | Reached skill level 14 in Axes
 16172 | D:11     | Reached **** piety under Makhleb
 16351 | D:11     | You fall into a shaft and drop 1 floor!
 16399 | D:12     | Reached XP level 12. HP: 39/66 MP: 5/15
 16404 | D:12     | Reached skill level 5 in Invocations
 16538 | D:11     | Killed a boulder beetle
 17027 | D:12     | Found a staircase to the Orcish Mines.
 17627 | D:12     | Noticed a boulder beetle
 17650 | D:12     | Killed a boulder beetle
 17651 | D:12     | Reached skill level 15 in Axes
 17883 | D:12     | Noticed Sonja
 17906 | D:12     | Killed Sonja
 18263 | Orc:1    | Entered Level 1 of the Orcish Mines
 18965 | Orc:1    | Found a runed translucent door.
 18969 | Orc:1    | Noticed deafmute's ghost (journeyman HOFi)
 19195 | Orc:2    | Entered Level 2 of the Orcish Mines
 19398 | Orc:2    | Found a staircase to the Elven Halls.
 19436 | Orc:2    | Found a shimmering altar of Xom.
 20169 | Orc:2    | Reached XP level 13. HP: 62/70 MP: 6/18
 20847 | Orc:2    | Found Macvokim's Assorted Antiques.
 20847 | Orc:2    | Found Qadeem's Book Emporium.
 20849 | Orc:2    | Found Butienn's Assorted Antiques.
 20851 | Orc:2    | Found Warghu's Weapon Shop.
 20861 | Orc:2    | Bought a scroll of identify for 60 gold pieces
 20861 | Orc:2    | Bought a scroll of identify for 60 gold pieces
 20861 | Orc:2    | Identified 2 scrolls of acquirement
 20869 | Orc:2    | Bought a fine lapis lazuli ring for 150 gold pieces
 20869 | Orc:2    | Identified the ring "Nesel" {rCorr Dex+4} (You bought it in
                  | a shop on level 2 of the Orcish Mines)
 20871 | Orc:2    | Bought a vibrating copper ring for 150 gold pieces
 20871 | Orc:2    | Identified the ring "Geillu Kify" {rPois rF- rN+ rCorr
                  | Int+6} (You bought it in a shop on level 2 of the Orcish
                  | Mines)
 21142 | Orc:2    | Bought a scroll labelled KOOFEI NOMACUG for 30 gold pieces
 21142 | Orc:2    | Acquired 782 gold pieces
 21251 | Lair:1   | Entered Level 1 of the Lair of Beasts
 21278 | Lair:1   | Noticed Erica
 21293 | Lair:1   | Killed Erica
 21371 | Lair:1   | Noticed Harold
 21384 | Lair:1   | Killed Harold
 21385 | Lair:1   | Reached skill level 16 in Axes
 21915 | Lair:1   | Noticed Gastronok
 21938 | Lair:1   | Killed Gastronok
 22168 | Lair:1   | Noticed Nergalle
 22183 | Lair:1   | Killed Nergalle
 22184 | Lair:1   | Reached skill level 10 in Armour
 23193 | Lair:2   | Reached skill level 5 in Shields
 23424 | Lair:2   | You fall into a shaft and drop 1 floor!
 23589 | Lair:2   | Found a frozen archway.
 23599 | Lair:2   | Slain by a death yak simulacrum

Illustrated notes

Levels and vault maps discovered:
D:1:      dpeg_arrival_circle_labyrinth_c, layout_basic, serial_corexii_hall,
          corexii_hall_statues_l, corexii_hall_statues_x,
          ebering_ecumenical_altar_abandoned
D:2:      layout_basic, kennysheep_generic_room_6, uniq_natasha, uniq_jessica
D:3:      layout_basic, grunt_temple_overflow_magic_moments
D:4:      layout_basic, trog_ov_bears_minmay, minmay_temple_entry_slanted,
          nicolae_ossuary_entry_plus, feat_on_display, uniq_sigmund, uniq_pikel,
          uniq_menkaure, uniq_edmund
D:5:      layout_basic
D:6:      layout_gridville, mainiacjoe_overflow_catwalk_spiral,
          portal_sewer_entry_b, nicolae_water_bricks
D:7:      layout_loops_ring, nicolae_yredelemnul_corpse_copse,
          mainiacjoe_overflow_catwalk, grunt_ministairs_13,
          kennysheep_generic_room_15
D:8:      layout_gridville, grunt_gozag_statues, bh_walls_and_bars
D:9:      wad_river_or_something, layout_loops_ring, zin_statuary,
          nicolae_overflow_crystal_walls, worldfamousw_hep_ancestral_shrine,
          hangedman_decor_lopped, chequers_jeans
D:10:     layout_cross, amcnicky_altar_gilded, dpeg_lair_monsters
D:11:     layout_long_grid, kennysheep_generic_room_7
D:12:     layout_loops_ring, david_orc_3, serial_park_tiny_2, uniq_sonja
Temple:   nicolae_temple_figure_zero
Lair:1:   layout_cave_pods, minmay_lair_oklob_chamber, lemuel_fruit_fields,
          uniq_nergalle, uniq_erica, uniq_gastronok, uniq_harold
Lair:2:   cheibrodos_lair_overgrown_chateau, layout_misc_corridors,
          minmay_swamp_entry_reptiles, portal_ice_cave_entry_ice_simulacra,
          roderic_batcave
Lair:3:   layout_chaotic_city, lemuel_fruit_fields
Orc:1:    orc_temple, layout_caves, gammafunk_ghost_grave, uniq_urug
Orc:2:    st_orc_rangers, layout_caves, basic_altar

Skill      XL: |  1  2  3  4  5  6  7  8  9 10 11 12 13 |
---------------+----------------------------------------+-----
Axes           | 2 3 4 5 6 7 9 11 13 14 15 16 | 16.0
Throwing       | 1 3 4 |  4.3
Stealth        | 1 2 |  2.3
Armour         | 4 7 9 10 | 10.5
Invocations    | 2 4 7 |  7.3
Fighting       | 4 |  4.0
Shields        | 5 |  5.8
Dodging        | |  0.6
Evocations     | |  0.3

Action                   |  1- 3 |  4- 6 |  7- 9 | 10-12 | 13-15 || total
-------------------------+-------+-------+-------+-------+-------++-------
Melee: War axe           |    97 |   198 |   429 |   967 |   238 ||  1929
Throw: Dart              |       |     8 |    25 |     8 |     7 ||    48
       Throwing net      |       |       |       |     1 |       ||     1
       Boomerang         |       |       |       |    13 |    31 ||    44
Invok: Lesser Servant of |       |       |       |     9 |     8 ||    17
       Minor Destruction |       |       |       |     1 |       ||     1
Evoke: Wand              |       |       |       |     7 |     5 ||    12
  Use: Scroll            |       |     9 |     7 |     7 |     5 ||    28
       Potion            |       |       |     2 |     7 |     1 ||    10
 Stab: Distracted        |       |       |       |       |     3 ||     3
Armor: Scale mail        |    74 |    35 |       |       |       ||   109
       Plate armour      |       |    91 |   343 |   671 |   117 ||  1222
Dodge: Dodged            |    34 |    36 |    76 |   159 |    37 ||   342
Block: Kite shield       |    65 |    71 |   231 |   832 |   182 ||  1381
       Reflection        |       |       |       |    75 |    33 ||   108
